Map: Orbital Shipyard

Players

KingOfBlades - Winner!

  • Race: Protoss Protoss
  • League: Platinum

LilDicky

  • Race: Terran Terran
  • League: Diamond

VOD

http://www.twitch.tv/tumescentpie

Description

Time

  • Played on: Dec. 2, 2015, 10:10 a.m.
  • Length: 6:13
Show
View Real Time Build Order
Export as new Build Order

KingOfBlades Protoss - Winner!

Build Orders:  

Get SALT Encoding   

  12  0:02  Probe (Chrono Boost)  
  13  0:12  Probe (Chrono Boost)  
  14  0:23  Probe (Chrono Boost)  
  15  0:31  Pylon  
  15  0:49  Probe (Chrono Boost)  
  16  0:50  Assimilator  
  16  0:54  Pylon  
  16  1:02  Assimilator  
  16  1:04  Gateway  
  16  1:05  Probe (Chrono Boost)  
  17  1:15  Probe (Chrono Boost)  
  18  1:26  Probe (Chrono Boost)  
  18  1:29  Assimilator  
  19  1:36  Probe (Chrono Boost)  
  21  1:47  Probe (Chrono Boost)  
  21  1:53  Cybernetics Core  
  21  1:57  Probe (Chrono Boost)  
  22  2:08  Probe (Chrono Boost)  
  23  2:15  Gateway  
  23  2:16  Gateway  
  23  2:18  Probe (Chrono Boost)  
  24  2:25  Gateway  
  24  2:27  Pylon  
  24  2:30  Warp Gate (Chrono Boost)  
  24  2:45  Robotics Facility  
  24  2:52  Stalker  
  26  3:00  Mothership Core (Chrono Boost)  
  27  3:32  Observer (Chrono Boost)  
  28  3:43  Sentry  
  26  3:56  Probe  
  27  4:08  Probe  
  28  4:20  Probe  
  29  4:28  Twilight Council  
  29  4:33  Probe  
  29  4:37  Sentry  
  31  4:42  Pylon  
  31  4:45  Pylon  
  31  4:47  Pylon  
  31  4:49  Pylon  
  31  5:00  Probe  
  31  5:01  Sentry  
  31  5:03  Stalker x2  
  31  5:04  Stalker  
  40  5:36  Stalker, Zealot  
  40  5:37  Zealot x2  
  48  6:02  Stalker x2  
Show
View Real Time Build Order
Export as new Build Order

LilDicky Terran 

Build Orders: MMM Bio 

Get SALT Encoding   

  12  0:02  SCV  
  13  0:14  SCV  
  14  0:23  Supply Depot  
  14  0:26  SCV  
  15  0:30  Refinery  
  15  0:49  Barracks  
  15  0:50  SCV  
  16  1:07  Supply Depot  
  16  1:20  SCV  
  17  1:35  SCV  
  17  1:37  Marine  
  19  1:40  Factory  
  19  1:47  Orbital Command  
  19  1:55  Marine  
  20  2:13  SCV  
  21  2:16  Marine  
  22  2:34  SCV, Marine  
  22  2:35  Barracks  
  22  2:37  Barracks  
  24  2:45  Widow Mine  
  24  2:48  SCV  
  27  2:55  Marine  
  28  3:00  SCV  
  28  3:01  Supply Depot  
  28  3:03  Refinery  
  29  3:12  SCV  
  29  3:13  Marine  
  31  3:27  Barracks Tech Lab x2  
  31  3:32  SCV  
  31  3:33  Starport  
  31  3:41  Widow Mine  
  31  3:44  SCV  
  34  3:55  Combat Shields  
  34  3:56  Stimpack, Marine x2  
  34  3:57  Marauder  
  34  4:00  Supply Depot  
  36  4:04  SCV  
  37  4:14  Marine x2  
  39  4:22  Medivac  
  41  4:24  Marauder  
  41  4:28  SCV  
  42  4:32  Marine  
  42  4:33  Marauder  
  47  4:45  Marauder  
  47  4:48  Supply Depot  
  47  4:55  Supply Depot  
  47  5:09  Marauder, Marine, Widow Mine  
  52  5:20  Marine  
  53  5:26  Concussive Shells, Medivac  
  53  5:27  Marine  
  56  5:31  Marauder  
Tags
 
Add a new tag
Caveats
  • Supply blocks, unpowered buildings, or Contaminate may cause inaccurate times.
  • Supply counts are checked every 10 seconds.